 Dungeon Crawl Stone Soup version 0.30.0-10-gfe55d96785 (webtiles) character file.

Game seed: 12741013124957382194

16 Pimp the Shooter (level 2, 0/17 HPs)
             Began as a Tengu Hunter on May 15, 2023.
             Slain by a worm (10 damage)
             ... on level 2 of the Dungeon.
             The game lasted 00:00:56 (1134 turns).

Pimp the Shooter (Tengu Hunter)                     Turns: 1134, Time: 00:00:57

Health: 0/17       AC:  4    Str: 11    XL:     2   Next: 58%
Magic:  3/3        EV: 12    Int:  9    God:
Gold:   109        SH:  0    Dex: 17    Spells: 1/1 levels left

rFire   . . .        a - +0 shortbow
rCold   . . .        (shield currently unavailable)
rNeg    . . .        c - +0 leather armour
rPois   .            (helmet restricted)
rElec   .            (no cloak)
rCorr   .            d - +0 pair of gloves
SInv    .            (boots unavailable)
Will    .....        (no amulet)
Stlth   ++           (no ring)
HPRegen 0.22/turn    (no ring)
MPRegen 0.08/turn

%: no passive effects
@: no status effects
A: beak, talons 3
a: no special abilities


You were on level 2 of the Dungeon.
You visited 1 branch of the dungeon, and saw 2 of its levels.

You collected 109 gold pieces.

Inventory:

Hand Weapons
 a - a +0 shortbow (weapon)
Armour
 c - a +0 leather armour (worn)
 d - a +0 pair of gloves (worn)
Jewellery
 f - an amulet of faith
Scrolls
 b - a scroll of immolation
 e - 2 scrolls of identify {unknown}
Potions
 g - a potion of haste {unknown}
 h - 2 potions of curing {unknown}


   Skills:
 + Level 2.3 Fighting
 + Level 4.5 Ranged Weapons
 + Level 2.5 Dodging
 + Level 1.5 Stealth


You had one spell level left.
You didn't know any spells.
Your spell library was empty.

Dungeon Overview and Level Annotations

Branches:
Dungeon (2/15)

Altars:

Shops:
D:1 !


Innate Abilities, Weirdness & Mutations

You have a beak for a mouth.
You have claws for feet.


Message History

The endoplasm quivers.
Found a smoky amethyst potion.
There is a stone staircase leading up here.
There are monsters nearby!
You shoot an arrow. The arrow hits the endoplasm.
The endoplasm is moderately wounded.
The ball python hisses angrily.
You shoot an arrow. The arrow hits the endoplasm.
The endoplasm is severely wounded.
The endoplasm closely misses you.
You shoot an arrow. The arrow hits the endoplasm!
You kill the endoplasm!
The ball python bites you. The ball python barely misses you.
You shoot an arrow.
The arrow completely misses the ball python.
The ball python bites you. The ball python grabs you.
The ball python constricts you. The ball python bites you.
The ball python constricts you.
You shoot an arrow. The arrow hits the ball python.
The ball python is severely wounded.
The ball python closely misses you. The ball python constricts you.
You shoot an arrow. The arrow hits the ball python.
You kill the ball python!
You shoot an arrow.
The arrow hits the worm but does no damage.
The worm bites you.
You shoot an arrow. The arrow hits the worm.
The worm is moderately wounded.
The worm barely misses you.
You shoot an arrow.
The arrow hits the worm but does no damage.
The worm is moderately wounded.
The worm closely misses you.
You shoot an arrow. The arrow hits the worm.
The worm is moderately wounded.
You shoot an arrow. The arrow hits the worm.
The worm is heavily wounded.
The worm bites you!
Ouch! That really hurt!
You die...

#..........#
#..........#
#..........#
#..........#
#..........#
.#..........###
.......w.......
#....!@....#
#..........#
#..........#
#..........#
######.#####
#.# #.# ..#


You could see a worm.

Vanquished Creatures
  2 ball pythons
  A bat (D:1)
  3 endoplasms
  2 goblins (D:1)
  2 hobgoblins (D:1)
  A frilled lizard (D:1)
  A kobold (D:1)
  3 rats (D:1)
15 creatures vanquished.

Notes
Turn   | Place    | Note
-------+----------+-------------------------------------------
     0 | D:1      | Pimp the Tengu Hunter began the quest for the Orb.
     0 | D:1      | Reached XP level 1. HP: 12/12 MP: 2/2
   173 | D:1      | Found a faded altar of an unknown god.
   215 | D:1      | Found Qynaixt's Distillery.
   518 | D:1      | Reached XP level 2. HP: 17/17 MP: 3/3
  1134 | D:2      | Slain by a worm

Illustrated notes

Levels and vault maps discovered:
D:1:      scummos_arrival_checkerplants, layout_loops_corners,
          nicolae_ecumenical_lake_church, serial_shops, nicolae_shop_trees,
          nrook_uturn
D:2:      minmay_roachtagon, layout_basic, minivault_23, hangedman_decor_points

Action                     || total
---------------------------++-------
   Fire: Shortbow          ||    43
 Armour: Leather armour    ||     3
  Dodge: Dodged            ||    13
